 Dungeon Crawl Stone Soup version 0.21-a0-352-g5b8f553 (webtiles) character file.

3475 tidbits the Protected (level 10, 0/77 HPs)
             Began as a Gnoll Wanderer on Oct 10, 2017.
             Was a Believer of Cheibriados.
             Killed by divine providence
             ... invoked by an orc priest
              (9 damage)
             ... on level 7 of the Dungeon.
             The game lasted 00:18:58 (2497 turns).

tidbits the Protected (Gnoll Wanderer)              Turns: 2497, Time: 00:18:59

Health: 0/77       AC: 17    Str: 22    XL:     10   Next: 6%
Magic:  17/17      EV: 13    Int: 21    God:    Cheibriados [**....]
Gold:   300        SH:  4    Dex: 19    Spells: 16/18 levels left

rFire    . . .     SeeInvis .   b - +0 short sword (elec)
rCold    . . .     Gourm    .   (no shield)
rNeg     . . .     Faith    .   B - +2 scale mail
rPois    +         Spirit   .   E - +2 helmet
rElec    .         Reflect  .   (no cloak)
rCorr    .         Harm     .   G - +0 pair of gloves
MR       .....                  (no boots)
Stlth    ++........             (no amulet)
HPRegen  0.22/turn              i - ring of poison resistance
MPRegen  0.15/turn              D - +1 ring of protection

@: very slow
A: distributed training, fangs 1, large bone plates 1, blurry vision 1, strong
nose
a: Bend Time, Renounce Religion


You were on level 7 of the Dungeon.
You worshipped Cheibriados.
Cheibriados was pleased with you.
You were not hungry.

You visited 2 branches of the dungeon, and saw 10 of its levels.

You collected 300 gold pieces.

Inventory:

Hand Weapons
 a - a +2 morningstar of holy wrath
   (You took it off an orc on level 3 of the Dungeon)
 b - a +0 short sword of electrocution (weapon)
   (You took it off an orc on level 7 of the Dungeon)
 q - a +2 dagger of venom
   (You took it off an orc on level 3 of the Dungeon)
 F - a +0 flail of draining
   (You found it on level 5 of the Dungeon)
Missiles
 g - 100 arrows
Armour
 u - a +2 hat
 B - a +2 scale mail (worn)
 E - a +2 helmet (worn)
 G - a +0 pair of gloves (worn)
Jewellery
 c - an uncursed ring of ice
   (You found it on level 7 of the Dungeon)
 i - a ring of poison resistance (left hand)
   (You found it on level 3 of the Dungeon)
 x - an uncursed ring of fire
   (You found it on level 4 of the Dungeon)
 A - an uncursed ring of protection from magic
   (You found it on level 4 of the Dungeon)
 D - a +1 ring of protection (right hand)
   (You found it on level 4 of the Dungeon)
Scrolls
 e - 6 scrolls of immolation
 h - a scroll of amnesia {unknown}
 r - 6 scrolls of remove curse
 w - 2 scrolls of noise {unknown}
 y - 3 scrolls of enchant armour
 I - 2 scrolls of enchant weapon {unknown}
 J - 2 scrolls of teleportation {unknown}
Potions
 f - 3 potions of might
 k - 2 potions of agility
 l - a potion of brilliance
 m - a potion of invisibility
 n - 3 potions of curing
 s - a potion of flight {unknown}
 v - a potion of ambrosia
 z - a potion of degeneration {unknown}
 H - a potion of berserk rage {unknown}
 K - a potion of haste {unknown}
Books
 C - a book of Cantrips
   (You found it on level 6 of the Dungeon)

   Spells                             Type                      Level
   a - Confusing Touch                Hexes                        1
   b - Animate Skeleton               Necromancy                   1
   c - Summon Small Mammal            Summoning                    1
   d - Apportation                    Translocation                1
Comestibles
 d - 5 bread rations
 j - 3 chunks of flesh
 o - a fruit
 p - 2 meat rations
 t - 3 royal jellies


   Skills:
 + Level 6.7 Fighting
 + Level 4.8 Short Blades
 + Level 4.8 Long Blades
 + Level 4.8 Axes
 + Level 5.5 Maces & Flails
 + Level 4.8 Polearms
 + Level 4.8 Staves
 + Level 4.8 Slings
 + Level 4.8 Bows
 + Level 4.8 Crossbows
 + Level 4.8 Throwing
 + Level 11.3 Armour
 + Level 4.8 Dodging
 + Level 5.4 Stealth
 + Level 4.8 Shields
 + Level 4.8 Unarmed Combat
 + Level 4.8 Spellcasting
 + Level 4.8 Conjurations
 + Level 4.8 Hexes
 + Level 4.8 Charms
 + Level 4.8 Summonings
 + Level 4.8 Necromancy
 + Level 4.8 Translocations
 + Level 4.8 Transmutations
 + Level 4.8 Fire Magic
 + Level 4.8 Ice Magic
 + Level 4.8 Air Magic
 + Level 4.8 Earth Magic
 + Level 4.8 Poison Magic
 + Level 4.8 Invocations
 + Level 5.5 Evocations


You had 16 spell levels left.
You knew the following spells:

 Your Spells              Type           Power        Failure   Level  Hunger
a - Apportation           Tloc           ####..       3%          1    None
n - Animate Skeleton      Necr           N/A          3%          1    None


Dungeon Overview and Level Annotations

Branches:
Dungeon (9/15)             Temple (1/1) D:6
   Lair: D:8-11         Orc: D:9-12

Altars:
Cheibriados
Okawaru
Qazlal
Ru
Sif Muna
Uskayaw
Vehumet
Wu Jian
Xom
Yredelemnul
Zin
The Shining One

Shops:
D:8 (


Innate Abilities, Weirdness & Mutations

Your experience applies equally to all skills.
You have very sharp teeth.
Your uncanny sense of smell can sniff out nearby items.
You are partially covered in large bone plates. (SH +4)
Scrolls take you a little longer to read.


Message History

Before your eyes, flesh is ripped from the corpse!
The dead are walking!
Items here: % ))) †††††
Casting: Animate Skeleton
Confirm with . or Enter, or press ? or * to list all spells.
You attempt to give life to the dead...
Before your eyes, flesh is ripped from the corpse!
The dead are flying!
Items here: %% ))) †††† You swap places.
You swap places.
An orc warrior comes into view. It is wielding a war axe.
The orc warrior zaps a wand.
The puff of flame hits you!
It is a wand of flame (?/48).
The orc warrior closely misses you.
You closely miss the orc warrior.
You feel a little less agile now. The orc warrior closely misses you.
You hit the orc warrior but do no damage.
The orc warrior hits you with a war axe!
* * * LOW HITPOINT WARNING * * *
The orc warrior barely misses your kobold skeleton.
The orc warrior hits your hippogriff skeleton with a war axe!
You hit the orc warrior but do no damage.
You bite the orc warrior.
The orc warrior is lightly wounded.
Your kobold skeleton closely misses the orc warrior.
Your hippogriff skeleton bites the orc warrior.
Your hippogriff skeleton completely misses the orc warrior.
Your hippogriff skeleton barely misses the orc warrior.
The orc warrior completely misses you.
The orc warrior hits your hippogriff skeleton with a war axe!
The orc warrior hits your kobold skeleton with a war axe!
Your kobold skeleton is destroyed!
You hit the orc warrior but do no damage.
You bite the orc warrior, but do no damage.
The orc warrior is lightly wounded.
You hit the orc warrior but do no damage.
The orc warrior is lightly wounded.
Your hippogriff skeleton closely misses the orc warrior.
Your hippogriff skeleton pecks the orc warrior.
Your hippogriff skeleton claws the orc warrior but does no damage.
The orc warrior hits you with a war axe!
* * * LOW HITPOINT WARNING * * *
The orc warrior hits your big kobold skeleton with a war axe!
The orc warrior hits your hippogriff skeleton with a war axe!
Your big kobold skeleton closely misses the orc warrior.
You completely miss the orc warrior.
The orc warrior is moderately wounded.
Your hippogriff skeleton bites the orc warrior.
Your hippogriff skeleton misses the orc warrior.
Your hippogriff skeleton claws the orc warrior.
The orc warrior hits you with a war axe.
* * * LOW HITPOINT WARNING * * *
The orc warrior hits your big kobold skeleton with a war axe!
The orc warrior hits your hippogriff skeleton with a war axe!
You hit the orc warrior but do no damage.
Lightning courses through the orc warrior!
The orc warrior is almost dead.
Your big kobold skeleton hits the orc warrior but does no damage.
You barely miss the orc warrior. Your punch misses the orc warrior.
The orc warrior is almost dead.
The orc warrior hits you with a war axe!
* * * LOW HITPOINT WARNING * * *
The orc warrior hits your big kobold skeleton with a war axe!
The orc warrior hits your hippogriff skeleton with a war axe.
Your hippogriff skeleton misses the orc warrior.
Your hippogriff skeleton closely misses the orc warrior. x2
An orc priest comes into view. It is wielding a club.
Okay, then.
You barely miss the orc warrior.
The orc warrior is almost dead.
Your big kobold skeleton misses the orc warrior.
The orc priest calls upon Beogh to heal the orc warrior.
The orc warrior is healed somewhat.
Your hippogriff skeleton bites the orc warrior.
Your hippogriff skeleton pecks the orc warrior.
The orc warrior dies!
Cheibriados appreciates the change of pace.
Cheibriados raises the support of your attributes as your movement slows.
Unknown command.
You swap places.
You see here a mace.
What are your orders? t - Bark!
Orders for allies: a - Attack new target. r - Retreat! s - Stop attacking. g - Guard the area. f - Follow me.
Anything else - Cancel.
Gang up on whom?
Press: ? - help, Dir - move target cursor, f - orc priest
Aim: an orc priest, wielding a club and wearing a leather armour Attack!
Something hits your hippogriff skeleton.
Your hippogriff skeleton is destroyed!
Unknown command.
Your kobold skeleton closely misses the orc priest.
The orc priest mumbles some strange prayers to Beogh against you.
Beogh smites you!
You die...

##### ..∆ #...# ....
#...# ###....
#...###....... #
#........#.... #
######...##........ #
##....%......#o....#
#####..####......Z.Z.#
#.......#
#...##@##....#
#.......# #...#..# #o#
#..)....# #...#.##
#...[(..#######.#
#........## #.# ∆
########..# #.# ####
##.### ..# ...#
##...##.## .#.#
##.......#


You could see an orc priest, a friendly kobold skeleton and a friendly big
kobold skeleton.

Vanquished Creatures
  The ghost of p0werm0de the Skirmisher, a novice GrCK of Xom (D:6)
  Grinder (D:6)
  A hippogriff (D:7)
  An ice beast (D:8)
  2 sky beasts
  3 phantoms
  2 ogres
  A centaur (D:5)
  A crocodile (D:7)
  2 big kobolds (D:7)
  4 bullfrogs
  A scorpion (D:7)
  11 killer bees
  2 bullfrog zombies
  6 crimson imps
  2 hounds (D:6)
  A bullfrog skeleton (D:6)
  2 jellies
  A centaur skeleton (D:6)
  An orc priest (D:3)
  4 orc wizards
  2 iguanas (D:7)
  3 worker ants
  A mummy (D:6)
  A howler monkey zombie (D:5)
  Robin (D:3)
  4 gnolls (D:3)
  A howler monkey skeleton (D:4)
  2 adders
  3 shadow imps
  An ooze (D:1)
  2 adder skeletons
  3 worms
  2 leopard geckos
  15 orcs
  5 bats
  2 giant cockroaches (D:2)
  10 goblins
  10 hobgoblins
  6 jackals
  12 kobolds
  2 quokkas
  A ball python zombie (D:5)
  A frilled lizard (D:5)
  A hobgoblin zombie (D:6)
  A jackal zombie (D:5)
  A kobold zombie (D:6)
  2 orc zombies (D:6)
  3 rats
148 creatures vanquished.

Vanquished Creatures (collateral kills)
  An orc warrior (D:7)
1 creature vanquished.

Vanquished Creatures (others)
  2 jackals (D:4)
2 creatures vanquished.

Grand Total: 151 creatures vanquished

Notes
Turn   | Place    | Note
-------+----------+-------------------------------------------
     0 | D:1      | Reached skill level 10 in Armour
     0 | D:1      | tidbits the Gnoll Wanderer began the quest for the Orb.
     0 | D:1      | tidbits set off with: a +2 scale mail, a potion of curing, a +0 mace, a bread ration
     0 | D:1      | Reached XP level 1. HP: 20/20 MP: 2/2
    57 | D:1      | Reached XP level 2. HP: 19/26 MP: 3/3
   256 | D:2      | Found a basalt altar of Yredelemnul.
   297 | D:2      | Reached XP level 3. HP: 31/31 MP: 4/4
   496 | D:3      | Noticed Robin
   542 | D:3      | Killed Robin
   542 | D:3      | Reached skill level 1 in Short Blades
   542 | D:3      | Reached skill level 1 in Long Blades
   542 | D:3      | Reached skill level 1 in Axes
   542 | D:3      | Reached skill level 1 in Polearms
   542 | D:3      | Reached skill level 1 in Staves
   542 | D:3      | Reached skill level 1 in Slings
   542 | D:3      | Reached skill level 1 in Bows
   542 | D:3      | Reached skill level 1 in Crossbows
   542 | D:3      | Reached skill level 1 in Throwing
   542 | D:3      | Reached skill level 1 in Dodging
   542 | D:3      | Reached skill level 1 in Shields
   542 | D:3      | Reached skill level 1 in Unarmed Combat
   542 | D:3      | Reached skill level 1 in Spellcasting
   542 | D:3      | Reached skill level 1 in Conjurations
   542 | D:3      | Reached skill level 1 in Hexes
   542 | D:3      | Reached skill level 1 in Charms
   542 | D:3      | Reached skill level 1 in Summonings
   542 | D:3      | Reached skill level 1 in Necromancy
   542 | D:3      | Reached skill level 1 in Translocations
   542 | D:3      | Reached skill level 1 in Transmutations
   542 | D:3      | Reached skill level 1 in Fire Magic
   542 | D:3      | Reached skill level 1 in Ice Magic
   542 | D:3      | Reached skill level 1 in Air Magic
   542 | D:3      | Reached skill level 1 in Earth Magic
   542 | D:3      | Reached skill level 1 in Poison Magic
   542 | D:3      | Reached skill level 1 in Invocations
   542 | D:3      | Reached XP level 4. HP: 24/38 MP: 4/6
   608 | D:4      | Noticed a phantom
   749 | D:3      | Reached XP level 5. HP: 40/43 MP: 7/7
   789 | D:3      | Killed a phantom
   789 | D:3      | Reached skill level 3 in Maces & Flails
   789 | D:3      | Reached skill level 3 in Evocations
  1063 | D:3      | Found a stormy altar of Qazlal.
  1078 | D:3      | Reached XP level 6. HP: 26/50 MP: 8/8
  1100 | D:3      | Reached skill level 3 in Stealth
  1130 | D:5      | Entered Level 5 of the Dungeon
  1149 | D:5      | Reached skill level 5 in Fighting
  1149 | D:5      | Reached skill level 2 in Short Blades
  1149 | D:5      | Reached skill level 2 in Long Blades
  1149 | D:5      | Reached skill level 2 in Axes
  1149 | D:5      | Reached skill level 2 in Polearms
  1149 | D:5      | Reached skill level 2 in Staves
  1149 | D:5      | Reached skill level 2 in Slings
  1149 | D:5      | Reached skill level 2 in Bows
  1149 | D:5      | Reached skill level 2 in Crossbows
  1149 | D:5      | Reached skill level 2 in Throwing
  1149 | D:5      | Reached skill level 2 in Dodging
  1149 | D:5      | Reached skill level 2 in Shields
  1149 | D:5      | Reached skill level 2 in Unarmed Combat
  1149 | D:5      | Reached skill level 2 in Spellcasting
  1149 | D:5      | Reached skill level 2 in Conjurations
  1149 | D:5      | Reached skill level 2 in Hexes
  1149 | D:5      | Reached skill level 2 in Charms
  1149 | D:5      | Reached skill level 2 in Summonings
  1149 | D:5      | Reached skill level 2 in Necromancy
  1149 | D:5      | Reached skill level 2 in Translocations
  1149 | D:5      | Reached skill level 2 in Transmutations
  1149 | D:5      | Reached skill level 2 in Fire Magic
  1149 | D:5      | Reached skill level 2 in Ice Magic
  1149 | D:5      | Reached skill level 2 in Air Magic
  1149 | D:5      | Reached skill level 2 in Earth Magic
  1149 | D:5      | Reached skill level 2 in Poison Magic
  1149 | D:5      | Reached skill level 2 in Invocations
  1157 | D:5      | Found a sacrificial altar of Ru.
  1195 | D:5      | Reached XP level 7. HP: 29/56 MP: 10/10
  1422 | D:4      | Found a glowing silver altar of Zin.
  1428 | D:4      | Noticed an angel
  1430 | D:4      | Found a shimmering altar of Xom.
  1497 | D:5      | Reached XP level 8. HP: 57/63 MP: 12/12
  1622 | D:5      | Found a radiant altar of Vehumet.
  1649 | D:6      | Noticed p0werm0de's ghost (novice GrCK)
  1670 | D:6      | Killed p0werm0de's ghost
  1670 | D:6      | Reached skill level 3 in Short Blades
  1670 | D:6      | Reached skill level 3 in Long Blades
  1670 | D:6      | Reached skill level 3 in Axes
  1670 | D:6      | Reached skill level 4 in Maces & Flails
  1670 | D:6      | Reached skill level 3 in Polearms
  1670 | D:6      | Reached skill level 3 in Staves
  1670 | D:6      | Reached skill level 3 in Slings
  1670 | D:6      | Reached skill level 3 in Bows
  1670 | D:6      | Reached skill level 3 in Crossbows
  1670 | D:6      | Reached skill level 3 in Throwing
  1670 | D:6      | Reached skill level 3 in Dodging
  1670 | D:6      | Reached skill level 4 in Stealth
  1670 | D:6      | Reached skill level 3 in Shields
  1670 | D:6      | Reached skill level 3 in Unarmed Combat
  1670 | D:6      | Reached skill level 3 in Spellcasting
  1670 | D:6      | Reached skill level 3 in Conjurations
  1670 | D:6      | Reached skill level 3 in Hexes
  1670 | D:6      | Reached skill level 3 in Charms
  1670 | D:6      | Reached skill level 3 in Summonings
  1670 | D:6      | Reached skill level 3 in Necromancy
  1670 | D:6      | Reached skill level 3 in Translocations
  1670 | D:6      | Reached skill level 3 in Transmutations
  1670 | D:6      | Reached skill level 3 in Fire Magic
  1670 | D:6      | Reached skill level 3 in Ice Magic
  1670 | D:6      | Reached skill level 3 in Air Magic
  1670 | D:6      | Reached skill level 3 in Earth Magic
  1670 | D:6      | Reached skill level 3 in Poison Magic
  1670 | D:6      | Reached skill level 3 in Invocations
  1670 | D:6      | Reached skill level 4 in Evocations
  1673 | D:6      | Gained mutation: Scrolls take you a little longer to read. [potion of mutation]
  1673 | D:6      | Gained mutation: You are partially covered in large bone plates. (SH +4) [potion of mutation]
  1738 | D:6      | Found an iron altar of Okawaru.
  1743 | D:6      | Noticed Grinder
  1743 | D:6      | Paralysed by Grinder for 5 turns
  1753 | D:6      | Killed Grinder
  1818 | D:6      | Reached skill level 6 in Fighting
  1818 | D:6      | Reached skill level 11 in Armour
  1818 | D:6      | Reached XP level 9. HP: 51/69 MP: 14/14
  1863 | D:6      | Learned a level 1 spell: Apportation
  1868 | D:6      | Found a staircase to the Ecumenical Temple.
  1876 | Temple   | Entered the Ecumenical Temple
  1896 | Temple   | Became a worshipper of Cheibriados the Contemplative
  1923 | D:6      | Learned a level 1 spell: Animate Skeleton
  2000 | D:8      | Found Onlopus's Antique Weapon Shop.
  2044 | D:8      | Reached skill level 4 in Short Blades
  2044 | D:8      | Reached skill level 4 in Long Blades
  2044 | D:8      | Reached skill level 4 in Axes
  2044 | D:8      | Reached skill level 4 in Polearms
  2044 | D:8      | Reached skill level 4 in Staves
  2044 | D:8      | Reached skill level 4 in Slings
  2044 | D:8      | Reached skill level 4 in Bows
  2044 | D:8      | Reached skill level 4 in Crossbows
  2044 | D:8      | Reached skill level 4 in Throwing
  2044 | D:8      | Reached skill level 4 in Dodging
  2044 | D:8      | Reached skill level 4 in Shields
  2044 | D:8      | Reached skill level 4 in Unarmed Combat
  2044 | D:8      | Reached skill level 4 in Spellcasting
  2044 | D:8      | Reached skill level 4 in Conjurations
  2044 | D:8      | Reached skill level 4 in Hexes
  2044 | D:8      | Reached skill level 4 in Charms
  2044 | D:8      | Reached skill level 4 in Summonings
  2044 | D:8      | Reached skill level 4 in Necromancy
  2044 | D:8      | Reached skill level 4 in Translocations
  2044 | D:8      | Reached skill level 4 in Transmutations
  2044 | D:8      | Reached skill level 4 in Fire Magic
  2044 | D:8      | Reached skill level 4 in Ice Magic
  2044 | D:8      | Reached skill level 4 in Air Magic
  2044 | D:8      | Reached skill level 4 in Earth Magic
  2044 | D:8      | Reached skill level 4 in Poison Magic
  2044 | D:8      | Reached skill level 4 in Invocations
  2100 | D:9      | Noticed a two-headed ogre
  2211 | D:7      | Reached skill level 5 in Maces & Flails
  2211 | D:7      | Reached skill level 5 in Evocations
  2214 | D:7      | Reached * piety under Cheibriados
  2269 | D:7      | HP: 4/70 [crocodile (15)]
  2275 | D:7      | Reached skill level 5 in Stealth
  2436 | D:7      | Reached ** piety under Cheibriados
  2454 | D:7      | Reached XP level 10. HP: 34/77 MP: 15/17
  2491 | D:7      | HP: 7/77 [orc warrior/war axe (10)]
  2497 | D:7      | Killed from afar by an orc priest

Vault maps used:
D:1:      minmay_arrival_checkered_box
D:2:      nicolae_overflow_crystal_walls
D:3:      first_bread, grunt_qazlal_sundering, uniq_robin
D:4:      grunt_temple_overflow_order_and_chaos_1
D:5:      nicolae_ru_path_of_blood, lemuel_doored_altar,
          cheibrodos_sewer_entry_bend
D:6:      okawaru_metal_pillars_3, minmay_temple_entry_junction, hex_large,
          grunt_ministairs_15, minmay_mini_ossuary, uniq_grinder
D:8:      serial_shops, shop
D:9:      hangedman_fish_farm, kennysheep_decorative_pillar
Temple:   nicolae_temple_elliptical

Skill      XL: |  1  2  3  4  5  6  7  8  9 |
---------------+----------------------------+-----
Armour         | 11 | 11.3
Short Blades   | 1 2 3 4 |  4.8
Long Blades    | 1 2 3 4 |  4.8
Axes           | 1 2 3 4 |  4.8
Polearms       | 1 2 3 4 |  4.8
Staves         | 1 2 3 4 |  4.8
Slings         | 1 2 3 4 |  4.8
Bows           | 1 2 3 4 |  4.8
Crossbows      | 1 2 3 4 |  4.8
Throwing       | 1 2 3 4 |  4.8
Dodging        | 1 2 3 4 |  4.8
Shields        | 1 2 3 4 |  4.8
Unarmed Combat | 1 2 3 4 |  4.8
Spellcasting   | 1 2 3 4 |  4.8
Conjurations   | 1 2 3 4 |  4.8
Hexes          | 1 2 3 4 |  4.8
Charms         | 1 2 3 4 |  4.8
Summonings     | 1 2 3 4 |  4.8
Necromancy     | 1 2 3 4 |  4.8
Translocations | 1 2 3 4 |  4.8
Transmutations | 1 2 3 4 |  4.8
Fire Magic     | 1 2 3 4 |  4.8
Ice Magic      | 1 2 3 4 |  4.8
Air Magic      | 1 2 3 4 |  4.8
Earth Magic    | 1 2 3 4 |  4.8
Poison Magic   | 1 2 3 4 |  4.8
Invocations    | 1 2 3 4 |  4.8
Maces & Flails | 3 4 5 |  5.5
Evocations     | 3 4 5 |  5.5
Stealth        | 3 4 5 |  5.4
Fighting       | 5 6 |  6.7

Action                   |  1- 3 |  4- 6 |  7- 9 | 10-12 || total
-------------------------+-------+-------+-------+-------++-------
Melee: Mace              |    94 |       |       |       ||    94
       Bite              |    14 |     7 |    22 |     6 ||    49
       Morningstar       |    29 |    88 |   233 |     2 ||   352
       Punch             |       |     2 |    10 |     2 ||    14
       Unarmed           |       |       |    43 |       ||    43
       Short sword       |       |       |    21 |    20 ||    41
 Cast: Animate Skeleton  |       |       |     4 |     4 ||     8
  Use: Potion            |       |     2 |     8 |       ||    10
       Scroll            |       |       |     8 |       ||     8
 Stab: Sleeping          |       |       |     2 |       ||     2
       Invisible         |       |       |     3 |       ||     3
       Distracted        |       |       |     1 |       ||     1
  Eat: Chunk             |       |     1 |     4 |       ||     5
       Fruit             |       |       |     1 |       ||     1
Armor: Scale mail        |    79 |    61 |   130 |     5 ||   275
       Skin              |       |       |    78 |       ||    78
Dodge: Dodged            |    55 |    60 |   154 |     7 ||   276
Block: Other             |       |       |    31 |     1 ||    32

Table legend:
 A = Spawn XP
 B = Non-spawn XP
 C = Spawn XP percentage of total XP
 D = Spawn monster count
 E = Non-spawn monster count
 F = Spawn count percentage of total count
 G = Total turns spent on level
                    A         B        C        D         E        F      G
               +---------+---------+-------+---------+---------+-------+---------
         Total |       0 |    4965 |   0.0 |       0 |     149 |   0.0 |  2497
               +---------+---------+-------+---------+---------+-------+---------
           D:1 |       0 |      26 |   0.0 |       0 |      12 |   0.0 |   171
           D:2 |       0 |      22 |   0.0 |       0 |      11 |   0.0 |   290
           D:3 |       0 |     296 |   0.0 |       0 |      29 |   0.0 |   387
           D:4 |       0 |      73 |   0.0 |       0 |       8 |   0.0 |   340
           D:5 |       0 |     461 |   0.0 |       0 |      19 |   0.0 |   324
           D:6 |       0 |    1685 |   0.0 |       0 |      21 |   0.0 |   399
           D:7 |       0 |    1961 |   0.0 |       0 |      44 |   0.0 |   359
           D:8 |       0 |     441 |   0.0 |       0 |       5 |   0.0 |   183
               +---------+---------+-------+---------+---------+-------+---------

Table legend:
 A = Turns spent in this place as a percentage of turns spent in the entire game.
 B = Non-inter-level travel turns spent in this place as a percentage of non-inter-level travel turns spent in the entire game.
 C = Inter-level travel turns spent in this place as a percentage of turns spent in this place.
 D = Turns resting spent in this place as a percentage of non-inter-level travel turns spent in this place.
 E = Turns spent auto-exploring this place as a percentage of non-inter-level travel turns spent in this place.
 F = Non-inter-level travel turns spent in this place divided by the number of levels of this place that you've seen.
                   A       B       C       D       E      F
               +-------+-------+-------+-------+-------+----------------------
         Total | 100.0 | 100.0 |   1.7 |   0.0 |   0.0 | 245.5
       Dungeon |  98.6 |  99.0 |   1.3 |   0.0 |   0.0 | 270.1
        Temple |   1.4 |   1.0 |  29.4 |   0.0 |   0.0 |  24.0
               +-------+-------+-------+-------+-------+----------------------

Table legend:
 A = Kills in this place as a percentage of kills in entire the game.
 B = Kills by you in this place as a percentage of kills by you in the entire game.
 C = Kills by friends in this place as a percentage of kills by friends in the entire game.
 D = Other kills in this place as a percentage of other kills in the entire game.
 E = Experience gained in this place as a percentage of experience gained in the entire game.
 F = Experience gained in this place divided by the number of levels of this place that you have seen.
                   A       B       C       D       E      F
               +-------+-------+-------+-------+-------+----------------------
         Total | 100.0 | 100.0 | 100.0 |   N/A | 100.0 | 496.5
       Dungeon | 100.0 | 100.0 | 100.0 |   N/A | 100.0 | 551.7
               +-------+-------+-------+-------+-------+----------------------

Vault maps used:
D:1:      minmay_arrival_checkered_box
D:2:      nicolae_overflow_crystal_walls
D:3:      first_bread, grunt_qazlal_sundering, uniq_robin
D:4:      grunt_temple_overflow_order_and_chaos_1
D:5:      nicolae_ru_path_of_blood, lemuel_doored_altar,
          cheibrodos_sewer_entry_bend
D:6:      okawaru_metal_pillars_3, minmay_temple_entry_junction, hex_large,
          grunt_ministairs_15, minmay_mini_ossuary, uniq_grinder
D:8:      serial_shops, shop
D:9:      hangedman_fish_farm, kennysheep_decorative_pillar
Temple:   nicolae_temple_elliptical
